 Dungeon Crawl Stone Soup version 0.27-a0-216-g1fbed8a51c (webtiles) character file.

Game seed: 15544506145820987936

87 hatsuma the Conjurer (level 4, 0/24 HPs)
             Began as a Deep Elf Conjurer on Jan 31, 2021.
             Succumbed to a goblin's poison
             ... on level 2 of the Dungeon.
             The game lasted 00:15:02 (1783 turns).

hatsuma the Conjurer (Deep Elf Conjurer)            Turns: 1783, Time: 00:15:02

Health: 0/24       AC:  2    Str:  4    XL:     4   Next: 28%
Magic:  6/11       EV: 13    Int: 24    God:
Gold:   137        SH:  0    Dex: 13    Spells: 4/10 levels left

rFire    . . .     SeeInvis .   f - +0 short sword (venom)
rCold    . . .     Faith    .   (no shield)
rNeg     . . .     Spirit   .   a - +0 robe
rPois    .         Reflect  .   (no helmet)
rElec    .         Harm     .   (no cloak)
rCorr    .         Rampage  .   (no gloves)
Will     .....                  (no boots)
Stlth    ++........             (no amulet)
HPRegen  0.08/turn              (no ring)
MPRegen  0.12/turn              (no ring)

@: lethally poisoned (0 -> -12)
A: no striking features
a: no special abilities


You were on level 2 of the Dungeon.
You visited 1 branch of the dungeon, and saw 2 of its levels.

You collected 137 gold pieces.

Inventory:

Hand Weapons
 f - a +0 short sword of venom (weapon)
Missiles
 b - 5 boomerangs
 g - 37 arrows
Armour
 a - a +0 robe (worn)
Scrolls
 c - a scroll of teleportation {unknown}
 e - a scroll of enchant weapon {unknown}
 i - a scroll of remove curse {unknown}
 k - a scroll of amnesia {unknown}
 m - 2 scrolls of identify {unknown}
Potions
 d - a potion of brilliance {unknown}
 h - a potion of lignification {unknown}
 j - a potion of mutation {unknown}
 l - 2 potions of curing {unknown}
 n - 2 potions of degeneration {unknown}


   Skills:
 - Level 2.4 Dodging
 - Level 3.0 Stealth
 - Level 3.5 Spellcasting
 - Level 5.0 Conjurations
 + Level 3.5 Hexes


You had 4 spell levels left.
You knew the following spells:

 Your Spells              Type           Power        Failure   Level
a - Magic Dart            Conj           100%         1%          1
b - Searing Ray           Conj           56%          1%          2
c - Dazzling Flash        Conj/Hex       48%          5%          3

Your spell library contained the following spells:

 Spells                   Type           Power        Failure   Level
 Fulminant Prism          Conj/Hex       12%          17%         4
 Iskenderun's Mystic Bla  Conj/Tloc      16%          36%         4


Dungeon Overview and Level Annotations

Branches:
Dungeon (2/15)

Altars:
Elyvilon


Message History

* * * LOW HITPOINT WARNING * * *
You feel sick.
* * * LOW HITPOINT WARNING * * *
You feel sick.
You see here a cursed -3 dagger.
* * * LOW HITPOINT WARNING * * *
You feel sick.
* * * LOW HITPOINT WARNING * * *
You feel sick.
* * * LOW HITPOINT WARNING * * *
You feel sick.
* * * LOW HITPOINT WARNING * * *
You feel sick.
The goblin throws a poisoned dart.
The poisoned dart hits you!
You are more poisoned.
* * * LOW HITPOINT WARNING * * *
You feel sick.
* * * LOW HITPOINT WARNING * * *
You feel sick.
You die...

######## #...@..#######
#.####........
#.##.......... ######
#.#........... ####....#
#.#..########. ...'....#
#.#......<..#
####....#####.#.##..#.#.#
...........>#g#.##..#.#.#
.#####......).#.#...#...#


There were no monsters in sight!

Vanquished Creatures
  Robin (D:2)
  An adder (D:2)
  An ooze (D:2)
  A worm (D:2)
  A dart slug (D:2)
  5 leopard geckos
  2 bats (D:1)
  5 giant cockroaches
  11 goblins
  7 hobgoblins
  2 jackals (D:1)
  A quokka (D:2)
  A ball python (D:2)
  A frilled lizard (D:1)
  3 kobolds
  6 rats (D:1)
49 creatures vanquished.

Notes
Turn   | Place    | Note
-------+----------+-------------------------------------------
     0 | D:1      | hatsuma the Deep Elf Conjurer began the quest for the Orb.
     0 | D:1      | Reached XP level 1. HP: 10/10 MP: 6/6
   235 | D:1      | Reached XP level 2. HP: 15/15 MP: 2/8
   246 | D:1      | Learned a level 2 spell: Searing Ray
   346 | D:1      | Reached skill level 5 in Conjurations
   998 | D:1      | Reached XP level 3. HP: 19/19 MP: 5/10
  1049 | D:1      | Learned a level 3 spell: Dazzling Flash
  1211 | D:2      | Reached skill level 1 in Hexes
  1619 | D:2      | Found a white marble altar of Elyvilon.
  1750 | D:2      | Noticed Robin
  1752 | D:2      | Reached XP level 4. HP: 24/24 MP: 8/11
  1753 | D:2      | Killed Robin
  1782 | D:2      | HP: 1/24 [poisoned by a goblin]
  1783 | D:2      | Succumbed to a goblin's poison

Illustrated notes

Levels and vault maps discovered:
D:1:      dpeg_arrival_ratfight, layout_loops_ring
D:2:      wad_crossroads, layout_basic, nicolae_overflow_crystal_walls,
          elyvilon_altar_4, uniq_robin

Skill      XL: |  1  2  3 |
---------------+----------+-----
Conjurations   | 5 |  5.0
Stealth        | 3 |  3.0
Hexes          | 3 |  3.5
Dodging        | |  2.4
Spellcasting   | |  3.5

Action                   |  1- 3 |  4- 6 || total
-------------------------+-------+-------++-------
Melee: Short sword       |    12 |       ||    12
 Cast: Magic Dart        |    20 |       ||    20
       Searing Ray       |    20 |     1 ||    21
 Stab: Sleeping          |     2 |       ||     2
Armor: Robe              |     7 |       ||     7
Dodge: Dodged            |    15 |     3 ||    18

Table legend: (Time is in decaauts)
 A = Elapsed time spent in this place.
 B = Non-inter-level travel time spent in this place.
 C = Inter-level travel time spent in this place.
 D = Time resting spent in this place.
 E = Time spent auto-exploring this place.
 F = Levels seen in this place.
 G = Mean time per level.
                   A        B        C        D        E       F      G
               +--------+--------+--------+--------+--------+-----+--------+
         Total |   1783 |   1662 |    121 |    328 |    860 |   2 |  891.5 |
       Dungeon |   1783 |   1662 |    121 |    328 |    860 |   2 |  891.5 |
               +--------+--------+--------+--------+--------+-----+--------+

Top non-repeatable levels by time:
     D:1: 1078 daAuts
     D:2: 705 daAuts
